AoeStats
← Infadel

Arabia

508602934Analyzed
1v1 RM · 10d ago on Sep 23, 2026· 26m 22s· 2 players
Game mode
Random Map
Map size
Tiny (2 player)
Population
200
Speed
Normal
Resources
Standard
Victory
Conquest
Starting age
Dark Age
Ending age
Imperial Age
RankedLock teamsTeams togetherTeam positionsShared explorationLock speedFull tech treeHidden civsTurbo modeCheats
Victory
Defeat
🇩🇪 Bulgarians · Germany
1170
+15
🇮🇳 Mongols · India
1148
-15
Infadel
7:28 Loom
9:35 Feudal Age
13:11 Double-Bit Axe
21:34 Gold Mining
24:21 Castle Age
23:35 Fletching
23:46 Padded Archer Armor
24:13 Bloodlines
weinerthenry
1:46 Loom
10:24 Feudal Age
11:05 Arson
20:21 Castle Age
19:02 Double-Bit Axe
19:00 Horse Collar
22:57 Forging
Connection lost

Rejoining the realm…

Still unreachable

The connection could not be restored.

Session expired

The server has moved on; the page needs a fresh start.